 Dungeon Crawl Stone Soup version 0.18.1-48-g4cf74bf (webtiles) character file.

2910 nikopol the Cleaver (level 9, -10/82 HPs)
             Began as a Hill Orc Berserker on June 29, 2016.
             Was a Priest of Trog.
             Shot with an arrow by a centaur warrior (17 damage)
             ... on level 10 of the Dungeon on June 30, 2016.
             The game lasted 00:19:59 (8425 turns).

nikopol the Cleaver (Hill Orc Berserker)            Turns: 8425, Time: 00:19:59

Health: -10/82     AC: 10    Str: 22    XL:     9   Next: 78%
Magic:  9/9        EV: 12    Int:  7    God:    Trog [***...]
Gold:   517        SH:  0    Dex: 11    Spells: 0 memorised, 8 levels left

rFire  . . .     SeeInvis .     x - +0 hand axe
rCold  . . .     Gourm    +     w - +0 scale mail
rNeg   . . .     Faith    .     (no shield)
rPois  +         Spirit   .     (no helmet)
rElec  .         Dismiss  .     g - +0 cloak
rCorr  .         Reflect  .     (no gloves)
SustAt .         Harm     .     O - +0 pair of boots
MR     .....                    B - amulet of the gourmand
Stlth  ..........               (no ring)
                                l - ring of poison resistance

@: slowed, very slow, not resistant to hostile enchantments, extremely
unstealthy
A: no striking features
a: Berserk, Trog's Hand, Burn Spellbooks, Renounce Religion


You were on level 10 of the Dungeon.
You worshipped Trog.
Trog was most pleased with you.
You were not hungry.

You visited 1 branch of the dungeon, and saw 9 of its levels.
You also visited: Ossuary.

You collected 517 gold pieces.

Inventory:

Hand Weapons
 c - a +1 shortbow
 x - a +0 hand axe (weapon)
Missiles
 d - 118 arrows
Armour
 g - a +0 cloak (worn)
 w - a +0 scale mail (worn)
 O - a +0 pair of boots (worn)
Jewellery
 l - a ring of poison resistance (left hand)
 B - an amulet of the gourmand (around neck)
 H - an uncursed amulet of dismissal {unknown}
 P - a +2 ring of protection {unknown}
Wands
 C - a wand of random effects (16/48)
 L - a wand of acid (12/15)
Scrolls
 e - 4 scrolls of recharging
 h - 2 scrolls of amnesia
 m - 3 scrolls of fog
 n - 4 scrolls of remove curse
 r - 3 scrolls of teleportation
 s - a scroll of blinking
 u - 9 scrolls of identify
 G - 3 scrolls of magic mapping
 I - a scroll of torment {unknown}
 K - a scroll of enchant armour {unknown}
 M - a scroll of brand weapon {unknown}
 Q - a scroll of fear {unknown}
Potions
 a - a potion of flight {unknown}
 b - a potion of ambrosia {unknown}
 f - 3 potions of haste
 i - 4 potions of degeneration {unknown}
 j - a potion of lignification {unknown}
 k - 4 potions of curing {unknown}
 p - a potion of agility {unknown}
 q - 2 potions of might {unknown}
 v - 6 potions of berserk rage
 z - a potion of mutation {unknown}
 F - a potion of brilliance {unknown}
Comestibles
 o - 3 meat rations
 E - 7 beef jerkies
 J - 5 bread rations


   Skills:
 + Level 8.3 Fighting
 * Level 9.6 Axes
 * Level 4.2 Bows
 + Level 6.6 Armour
 + Level 5.0 Dodging


You had 8 spell levels left.
You didn't know any spells.

Dungeon Overview and Level Annotations

Branches:
Dungeon (8/15)             Temple (0/1) D:6            Lair (0/8) D:8

Altars:
Cheibriados
Dithmenos
Fedhas
Gozag
Makhleb
Nemelex Xobeh
Okawaru
Ru
Sif Muna
Trog
Xom
Zin
The Shining One


Message History

A hound and a centaur warrior come into view.
The white ugly thing gurgles horribly!
The hound barks!
The centaur warrior wields a longbow.
The centaur warrior shoots an arrow.
The arrow hits you!!
The crimson imp blinks!
The shadow imp closely misses you. The hungry ghost hits you.
A giant frog comes into view.
The centaur warrior shoots an arrow.
The arrow closely misses you. The hungry ghost completely misses you.
The centaur warrior unwields an uncursed longbow.
The centaur warrior hits you but does no damage.
Something hits you but does no damage. The white ugly thing headbutts you.
The white ugly thing freezes you!!
* * * LOW HITPOINT WARNING * * *
The centaur warrior closely misses you. The shadow imp misses you.
The hound bites you but does no damage. Something hits you but does no damage.
The white ugly thing barely misses you.
The giant frog croaks.
The centaur warrior wields an uncursed longbow.
The centaur warrior shoots an arrow.
The arrow hits you!
You die...

......#......#.. ##.
#..###..#.$#.. ....#
####.......######
....#. #..#.......# #..
#.... #.....###.....#..
.....###..5..#.....###.
#..?.(W.#..#(.#......
#..|u5h.#######......
#...@...# #......
#....F###c....#
....###. ##... ..(..##
.... .. ....
#..#.......# #$. ...
####....... ### ##
..###. ... .#


You could see a white ugly thing, a centaur warrior, a hungry ghost, a giant
frog, a hound, a crimson imp and a shadow imp.

Vanquished Creatures
  The ghost of Aquadorian the Covert, a novice NaAs of Dithmenos (D:6)
  A troll (D:10)
  Menkaure (Ossuary)
  4 sky beasts
  An ice beast (D:8)
  A black bear (D:6)
  2 ogres (D:8)
  A centaur (D:6)
  4 giant frogs
  A wyvern zombie (D:6)
  A water moccasin zombie (D:7)
  5 wights (D:6)
  The ghost of sudo the Slasher, a weakling HEGl of Okawaru (D:3)
  A howler monkey (D:6)
  2 crimson imps
  2 orc wizards
  3 orc priests
  A gnoll shaman (D:8)
  Jessica (D:3)
  An iguana (D:5)
  3 worker ants
  A killer bee zombie (D:7)
  A hound skeleton (D:5)
  A hound zombie (D:7)
  2 mummies (Ossuary)
  4 gnolls (D:8)
  7 adders
  2 oozes
  An adder zombie (D:8)
  2 worms
  2 dart slugs (D:3)
  7 giant geckos
  11 orcs
  5 giant cockroaches
  4 gnoll zombies (Ossuary)
  4 goblins
  9 hobgoblins
  10 jackals
  3 quokkas
  3 ball pythons
  7 bats
  4 giant newts
  3 gnoll skeletons (Ossuary)
  A goblin skeleton (Ossuary)
  4 goblin zombies (Ossuary)
  2 hobgoblin skeletons (Ossuary)
  2 hobgoblin zombies (Ossuary)
  4 kobolds
  2 kobold skeletons (Ossuary)
  4 kobold zombies (Ossuary)
  2 orc skeletons (Ossuary)
  3 orc zombies (Ossuary)
  2 quokka skeletons
  14 rats
  A rat skeleton (Ossuary)
  A rat zombie (Ossuary)
173 creatures vanquished.

Vanquished Creatures (others)
  A mummy (Ossuary)
  4 gnoll skeletons (Ossuary)
  A goblin skeleton (Ossuary)
  A goblin zombie (Ossuary)
  2 hobgoblin skeletons (Ossuary)
  A hobgoblin zombie (Ossuary)
  2 kobold skeletons (Ossuary)
  4 orc skeletons (Ossuary)
  3 orc zombies (Ossuary)
  A rat skeleton (Ossuary)
  2 rat zombies (Ossuary)
22 creatures vanquished.

Grand Total: 195 creatures vanquished

Notes
Turn   | Place    | Note
--------------------------------------------------------------
     0 | D:1      | nikopol the Hill Orc Berserker began the quest for the Orb.
     0 | D:1      | Reached XP level 1. HP: 19/19 MP: 1/1
    68 | D:1      | Reached XP level 2. HP: 15/27 MP: 2/2
   966 | D:2      | Found a sacrificial altar of Ru.
  1007 | D:2      | Reached XP level 3. HP: 34/34 MP: 3/3
  1035 | D:2      | Reached ** piety under Trog
  1215 | D:2      | Found an opulent altar of Gozag.
  1563 | D:2      | Found a glowing silver altar of Zin.
  1579 | D:2      | Found a sparkling altar of Nemelex Xobeh.
  1699 | D:2      | Reached XP level 4. HP: 41/41 MP: 4/4
  1757 | D:3      | Noticed sudo's ghost (weakling HEGl)
  1769 | D:3      | Killed sudo's ghost
  1842 | D:3      | Noticed Jessica
  1847 | D:3      | Killed Jessica
  1847 | D:3      | Reached skill level 5 in Fighting
  1847 | D:3      | Reached skill level 5 in Axes
  1847 | D:3      | Reached XP level 5. HP: 48/48 MP: 5/5
  2025 | D:3      | Reached *** piety under Trog
  2092 | D:3      | Found a shadowy altar of Dithmenos.
  2136 | D:3      | Found a snail-covered altar of Cheibriados.
  2671 | D:4      | Reached XP level 6. HP: 35/56 MP: 6/6
  3181 | D:4      | Found a glowing golden altar of the Shining One.
  3693 | D:5      | Entered Level 5 of the Dungeon
  3847 | D:5      | HP: 2/56 [orc (3)]
  4492 | D:5      | Found a shimmering altar of Xom.
  4493 | D:5      | Found a deep blue altar of Sif Muna.
  4688 | D:6      | Reached XP level 7. HP: 62/62 MP: 7/7
  4711 | D:6      | Noticed Aquadorian's ghost (novice NaAs)
  4745 | D:6      | Killed Aquadorian's ghost
  4745 | D:6      | Reached skill level 6 in Axes
  4745 | D:6      | Reached skill level 5 in Armour
  4745 | D:6      | Reached XP level 8. HP: 50/71 MP: 8/8
  4974 | D:6      | Reached skill level 7 in Axes
  5519 | D:6      | Reached skill level 1 in Bows
  5625 | D:6      | Found an iron altar of Okawaru.
  5625 | D:6      | Found a bloodstained altar of Trog.
  5776 | D:6      | Found a staircase to the Ecumenical Temple.
  5958 | D:6      | Reached skill level 8 in Axes
  6369 | D:7      | Reached XP level 9. HP: 73/79 MP: 9/9
  7108 | D:8      | Found a sand-covered staircase.
  7120 | Ossuary  | Entered an ossuary
  7393 | Ossuary  | Noticed Menkaure
  7403 | Ossuary  | Killed Menkaure
  7505 | D:8      | Found a staircase to the Lair.
  7526 | D:8      | Reached skill level 9 in Axes
  7537 | D:8      | Received a gift from Trog
  8254 | D:8      | Found a blossoming altar of Fedhas.
  8256 | D:8      | You fall through a shaft for 2 floors!
  8256 | D:10     | Entered Level 10 of the Dungeon
  8267 | D:10     | Noticed a troll
  8278 | D:10     | Killed a troll
  8278 | D:10     | Reached skill level 5 in Dodging
  8418 | D:10     | Found a burning altar of Makhleb.
  8420 | D:10     | Noticed an ogre mage
  8422 | D:10     | Noticed a white ugly thing
  8422 | D:10     | Noticed a centaur warrior
  8425 | D:10     | Shot with an arrow by a centaur warrior

Skill      XL: |  1  2  3  4  5  6  7  8  9 |
---------------+----------------------------+-----
Fighting       | 4 5 6 7 8 |  8.3
Dodging        | 2 3 4 5 |  5.0
Armour         | 3 4 5 6 |  6.6
Axes           | 5 6 8 9 |  9.6
Bows           | 2 4 |  4.2

Action                   |  1- 3 |  4- 6 |  7- 9 || total
-------------------------+-------+-------+-------++-------
Melee: Hand axe          |   111 |   195 |   335 ||   641
 Fire: Shortbow          |       |       |   131 ||   131
Invok: Berserk           |       |     6 |     4 ||    10
       Burn Spellbooks   |       |     1 |     1 ||     2
       Trog's Hand       |       |     1 |       ||     1
  Use: Scroll            |       |       |    11 ||    11
 Stab: Sleeping          |     1 |       |       ||     1
  Eat: Chunk             |     3 |    21 |    14 ||    38
       Bread ration      |       |     1 |       ||     1
Armor: Animal skin       |    23 |       |       ||    23
       Ring mail         |    27 |    21 |       ||    48
       Scale mail        |       |    53 |   128 ||   181
Dodge: Dodged            |    73 |   137 |   178 ||   388
